Map: Stranded Isles

Players

secretiv - Winner!

  • Race: Terran Terran
  • Spawn Location: 6:00

Himura - Winner!

  • Race: Terran Terran
  • League: Silver
  • Spawn Location: 6:00

ywyL - Winner!

  • Race: Terran Terran
  • Spawn Location: 3:00

wan

  • Race: Zerg Zerg
  • League: Gold
  • Spawn Location: 9:00

참치캔좋아

  • Race: Terran Terran
  • Spawn Location: 12:00

꼬꼬랑쿵했쪄

  • Race: Zerg Zerg
  • Spawn Location: 12:00

VOD

Have the link to the VOD?

Description

Time

  • Played on: July 28, 2018, 10:45 p.m.
  • Length: 26:14
Show
View Real Time Build Order
Export as new Build Order

secretiv Terran - Winner!

Build Orders:  

Get SALT Encoding   

  12  0:11  SCV  
  13  0:23  SCV  
  14  0:29  Supply Depot  
  14  0:35  SCV  
  15  0:49  Refinery  
  15  0:51  SCV  
  15  0:54  Barracks  
  16  1:03  SCV  
  17  1:11  Supply Depot  
  17  1:15  SCV  
  18  1:20  Supply Depot  
  18  1:23  Refinery  
  18  1:29  SCV  
  19  1:40  Barracks  
  19  1:45  Marine  
  20  1:51  SCV  
  21  2:03  Marine  
  21  2:07  Bunker  
  22  2:21  Marine  
  23  2:28  Factory  
  23  2:33  Marine  
  24  2:44  SCV  
  25  2:48  Engineering Bay  
  25  3:00  Barracks Reactor  
  25  3:05  Barracks  
  25  3:07  Marine  
  26  3:25  Missile Turret  
  26  3:31  Factory Tech Lab  
  26  3:33  Missile Turret  
  25  3:38  Marine  
  25  3:39  Marine  
  26  3:52  Marine x2  
  28  3:56  Bunker  
  28  4:00  Marine x2  
  30  4:20  Barracks Reactor  
  30  4:21  Siege Tank  
  33  4:26  SCV  
  33  4:29  Barracks Tech Lab  
  34  4:35  Missile Turret  
  34  4:43  Terran Infantry Weapons Level 1  
  34  4:53  Missile Turret  
  34  5:01  Marine x2  
  34  5:02  Marine  
  37  5:14  Stimpack  
  37  5:23  Sensor Tower  
  37  5:47  Orbital Command  
  37  5:55  Supply Depot  
  37  6:01  Sensor Tower  
  37  6:29  Supply Depot  
  37  6:30  Starport  
  37  6:36  Cyclone  
  40  6:57  Marine x2  
  42  7:05  Armory  
  42  7:07  SCV  
  43  7:18  Sensor Tower  
  43  7:19  SCV  
  44  7:28  Marine x2  
  44  7:29  Marine  
  47  7:37  Starport Reactor  
  47  7:43  Bunker  
  47  7:49  Siege Tank  
  50  8:08  Terran Infantry Armor Level 1  
  50  8:31  Missile Turret  
  50  8:38  Sensor Tower  
  50  8:39  Marine x2  
  50  8:40  Marine  
  53  8:42  Missile Turret  
  53  9:13  Missile Turret  
  53  9:27  Command Center  
  53  9:37  Terran Vehicle Weapons Level 1  
  53  9:47  Armory  
  53  9:51  SCV  
  53  9:52  Sensor Tower  
  53  10:06  Missile Turret  
  53  10:26  Missile Turret  
  50  10:41  Missile Turret  
  48  10:45  Missile Turret  
  39  11:15  SCV  
  40  11:25  Missile Turret  
  40  11:27  SCV  
  41  11:33  Bunker  
  41  11:39  SCV  
  42  11:42  Orbital Command  
  42  11:48  Terran Infantry Weapons Level 2  
  42  11:51  SCV  
  43  11:54  Combat Shield  
  43  12:03  Missile Turret  
  43  12:07  Bunker  
  43  12:15  Sensor Tower  
  43  12:34  Terran Vehicle Weapons Level 2  
  43  12:36  Terran Vehicle And Ship Armor Level 1  
  43  12:42  Engineering Bay  
  43  13:02  SCV  
  44  13:08  Refinery  
  44  13:13  Refinery  
  44  13:15  SCV  
  45  13:22  Bunker  
  45  13:26  SCV  
  47  13:27  SCV  
  47  13:35  Terran Infantry Armor Level 2  
  47  13:38  SCV  
  47  13:39  SCV  
  49  13:45  Siege Tank  
  49  13:46  Marine  
  53  13:50  SCV  
  53  13:51  SCV  
  55  14:02  SCV  
  56  14:03  SCV  
  57  14:13  Medivac x2  
  57  14:14  SCV  
  57  14:15  Marine x3  
  65  14:17  Siege Tank  
  65  14:18  Marine x2  
  70  14:26  SCV  
  71  14:31  Missile Turret  
  71  14:38  SCV  
  71  14:39  Marine x2  
  71  14:40  Marine  
  75  14:47  Terran Vehicle And Ship Armor Level 2  
  75  14:49  Siege Tank  
  75  14:51  Missile Turret  
  78  14:56  SCV  
  79  15:08  SCV  
  80  15:19  Supply Depot  
  80  15:20  Terran Infantry Weapons Level 3, SCV  
  81  15:21  Siege Tank  
  81  15:27  Terran Vehicle Weapons Level 3  
  84  15:32  SCV  
  85  15:40  Viking  
  85  15:42  Supply Depot  
  87  15:44  SCV  
  87  15:49  Marine x5  
  91  15:52  SCV  
  91  15:53  Siege Tank  
  97  16:07  Marine  
  98  16:17  Supply Depot  
  98  16:25  Terran Infantry Armor Level 3  
  98  16:27  Marine  
  98  16:29  Marine  
  100  16:39  Supply Depot  
  96  17:03  Terran Ship Weapons Level 1  
  95  17:14  Supply Depot  
  95  17:37  Supply Depot  
  95  17:38  Marine x4  
  95  17:42  Marauder  
  101  17:47  Viking  
  103  17:55  Marine x2  
  103  17:56  Marine x2  
  103  17:57  Hi-Sec Auto Tracking  
  107  18:04  Marauder, Terran Vehicle And Ship Armor Level 3  
  109  18:13  Marine  
  79  18:25  Marauder, Marine x3  
  68  18:31  Marine  
  67  18:43  Marine x3  
  67  18:47  Marauder  
  72  18:49  Marine  
  72  18:53  Neosteel Frame  
  71  18:57  Missile Turret  
  71  19:01  Marine x3  
  74  19:04  Sensor Tower  
  74  19:07  Marine  
  74  19:08  Marauder  
  77  19:14  Orbital Command  
  77  19:17  Missile Turret  
  77  19:18  Marine  
  77  19:19  Marine x2  
  80  19:24  Marine  
  80  19:25  Bunker  
  80  19:29  Marine  
  82  19:36  Marine x2  
  82  19:37  Sensor Tower, Marine  
  85  19:42  Marine  
  86  19:47  Marine  
  87  19:54  Marine x3  
  87  19:55  SCV  
  87  19:57  Bunker  
  91  20:00  Marine  
  91  20:02  Bunker  
  91  20:04  Marine  
  91  20:06  Missile Turret  
  93  20:12  Marine x3  
  96  20:18  Marine  
  97  20:22  Marine  
  97  20:28  Refinery  
  98  20:30  Marine  
  98  20:31  Refinery  
  99  20:39  Missile Turret  
  99  20:46  Missile Turret  
  99  20:56  Siege Tank  
  102  21:10  Missile Turret  
  102  21:26  Bunker  
  102  21:33  Missile Turret  
  102  21:51  Marauder  
  102  21:52  Marine  
  102  21:53  Marine x3  
  108  22:10  Marine x2  
  108  22:11  Missile Turret, Marine x2  
  108  22:12  Marine  
  113  22:20  Missile Turret  
  113  22:28  Marine x3  
  113  22:29  Marine  
  115  22:30  Marine  
  115  22:31  Viking x2  
  105  22:46  Marine x4  
  105  22:48  Marine  
  110  23:01  Viking x2  
  114  23:06  Marine  
  87  23:45  Marine  
  87  23:46  Marine x4  
  91  24:03  Marine x2  
  91  24:04  Marine x3  
  96  24:15  Medivac x2  
  100  24:19  Siege Tank  
  100  24:21  Marine x3  
  100  24:22  Marine x2  
  103  24:39  Marine x4  
  103  24:40  Marine  
  98  24:45  Medivac  
  98  24:51  Siege Tank  
  101  24:57  Marine x5  
  103  25:01  Medivac  
  102  25:15  Marine x5, Medivac  
  102  25:18  Unknown  
  109  25:31  Viking  
  109  25:32  Marine x2  
  109  25:33  Marine x3  
  118  25:50  Marine x3  
  118  25:51  Marine x2  
Show
View Real Time Build Order
Export as new Build Order

Himura Terran - Winner!

Build Orders: MMM Bio 

Get SALT Encoding   

  12  0:01  SCV  
  13  0:21  Supply Depot  
  13  0:23  SCV  
  14  0:35  SCV  
  15  0:48  Barracks  
  15  1:00  SCV  
  16  1:25  SCV  
  17  1:27  Refinery  
  17  1:29  Refinery  
  17  1:41  Marine  
  17  1:47  Supply Depot  
  18  1:59  Marine  
  18  2:00  SCV  
  20  2:13  SCV  
  21  2:29  Marine  
  22  2:31  Engineering Bay  
  22  2:35  SCV  
  23  2:46  Marine  
  23  2:47  SCV  
  25  2:57  Factory  
  25  3:01  SCV  
  26  3:26  Barracks Tech Lab  
  26  3:47  Combat Shield  
  26  3:51  Marine  
  27  3:57  Supply Depot  
  27  4:02  Factory  
  27  4:09  Marine  
  28  4:18  Cyclone  
  28  4:20  Supply Depot  
  31  4:28  Marine  
  32  4:44  SCV  
  33  4:46  Marine  
  33  4:50  Cyclone  
  33  4:52  Command Center  
  37  4:56  SCV  
  37  4:58  Factory Reactor  
  38  5:03  Armory  
  38  5:15  Stimpack  
  38  5:38  Terran Infantry Weapons Level 1  
  38  5:55  Factory Reactor  
  38  6:00  Starport  
  38  6:06  Refinery  
  38  6:08  SCV  
  38  6:11  Orbital Command  
  39  6:21  SCV  
  40  6:32  Refinery  
  40  6:33  SCV  
  41  6:45  SCV  
  42  6:57  SCV  
  43  7:15  SCV  
  44  7:19  Cyclone x2  
  44  7:20  Command Center  
  50  7:24  Concussive Shells  
  50  7:27  SCV  
  51  7:30  Terran Vehicle Weapons Level 1  
  51  7:33  Terran Infantry Armor Level 1  
  51  7:39  SCV  
  53  7:51  SCV  
  53  7:56  Marauder  
  55  8:03  SCV  
  56  8:15  SCV  
  57  8:27  SCV  
  57  8:33  Barracks Tech Lab  
  58  8:34  Cyclone x2  
  58  8:37  Cyclone x2  
  58  8:39  SCV  
  71  8:52  Banshee  
  74  8:56  Cloaking Field  
  74  9:05  Marauder  
  76  9:11  Orbital Command  
  76  9:13  Orbital Command  
  76  9:21  Refinery  
  76  9:24  Terran Vehicle And Ship Armor Level 1  
  76  9:26  Terran Infantry Weapons Level 2  
  76  9:36  Cyclone x2, Banshee  
  76  9:37  Marauder  
  87  9:44  Supply Depot  
  87  9:47  Refinery  
  87  9:58  Marauder  
  89  10:07  Supply Depot  
  89  10:29  Supply Depot  
  89  10:50  Viking  
  89  10:51  Supply Depot  
  91  11:13  Supply Depot  
  91  11:20  Viking  
  93  11:36  Supply Depot  
  93  11:37  Hyperflight Rotors  
  87  12:49  Siege Tank  
  90  12:59  SCV  
  90  13:05  SCV  
  92  13:10  Terran Vehicle Weapons Level 2  
  92  13:11  SCV  
  93  13:13  Armory  
  93  13:17  SCV  
  93  13:19  Fusion Core  
  94  13:21  Siege Tank  
  94  13:23  SCV  
  98  13:36  Terran Infantry Armor Level 2, SCV  
  99  13:45  High Capacity Fuel Tanks  
  99  13:46  Infernal Pre-Igniter  
  99  13:48  SCV  
  100  13:53  Siege Tank  
  103  14:23  Battlecruiser  
  109  14:31  Starport  
  109  14:41  Corvid Reactor  
  109  15:05  Rapid Fire Launchers  
  109  15:08  Starport  
  109  15:26  Terran Ship Weapons Level 1  
  109  15:27  Battlecruiser  
  115  15:31  Terran Vehicle And Ship Armor Level 2  
  115  15:39  Starport  
  115  15:45  Starport  
  115  15:48  Starport Tech Lab x2  
  115  15:52  Terran Infantry Weapons Level 3  
  115  16:02  Weapon Refit  
  115  16:23  Drilling Claws  
  115  16:26  Starport, Starport Tech Lab x2  
  115  16:31  Battlecruiser  
  121  16:58  Battlecruiser  
  121  16:59  Battlecruiser x2  
  121  17:00  Battlecruiser  
  145  17:02  Starport Tech Lab  
  145  17:41  Supply Depot  
  145  17:42  Smart Servos  
  145  17:50  Battlecruiser  
  151  17:57  Battlecruiser  
  157  18:04  Supply Depot  
  127  18:28  Supply Depot  
  127  18:29  Terran Infantry Armor Level 3  
  105  18:53  Supply Depot  
  99  19:15  Supply Depot  
  99  19:38  Supply Depot  
  99  19:48  Battlecruiser x4  
  123  19:58  Battlecruiser  
  129  20:11  Orbital Command  
  129  20:25  Battlecruiser  
  135  20:42  Refinery  
  135  21:01  Terran Ship Weapons Level 2  
  135  21:07  Refinery  
  135  21:11  Terran Vehicle And Ship Armor Level 3  
  135  23:18  Battlecruiser  
  135  23:19  Battlecruiser x5  
  126  24:33  SCV  
  127  24:45  SCV  
  128  24:57  SCV  
  129  25:10  SCV  
  142  25:22  SCV  
  143  25:34  SCV  
Show
View Real Time Build Order
Export as new Build Order

ywyL Terran - Winner!

Build Orders:  

Get SALT Encoding   

  12  1:14  SCV  
  13  1:21  Supply Depot  
  13  1:22  Refinery  
  13  1:26  SCV  
  13  1:28  Command Center  
  14  1:38  SCV  
  15  1:45  Barracks  
  15  1:46  Supply Depot  
  15  1:50  SCV  
  16  1:57  Engineering Bay  
  16  2:02  SCV  
  17  2:13  Supply Depot  
  17  2:14  SCV  
  18  2:32  Orbital Command  
  18  2:41  Barracks Tech Lab  
  18  2:47  Orbital Command  
  18  3:02  Barracks  
  18  3:06  Marine  
  18  3:10  SCV  
  20  3:16  SCV  
  21  3:22  SCV  
  22  3:27  Factory  
  22  3:28  SCV  
  23  3:34  SCV  
  23  3:40  SCV  
  25  3:45  Marine  
  25  3:46  SCV  
  25  3:47  Stimpack  
  27  3:50  Barracks Reactor  
  27  3:52  SCV  
  28  3:56  Refinery  
  28  3:58  SCV  
  28  4:02  Refinery  
  29  4:04  SCV  
  29  4:06  Refinery  
  30  4:11  SCV  
  30  4:16  SCV  
  32  4:17  Missile Turret  
  32  4:18  Factory Tech Lab  
  32  4:22  Missile Turret  
  32  4:26  Marine x2  
  32  4:28  SCV  
  35  4:32  Barracks  
  35  4:36  Barracks  
  35  4:40  SCV  
  35  4:45  Siege Tank  
  39  4:52  SCV  
  40  5:04  SCV  
  40  5:06  Starport  
  41  5:17  Terran Infantry Weapons Level 1, SCV  
  42  5:22  Engineering Bay  
  42  5:25  Armory, Barracks Reactor x2  
  42  5:29  SCV  
  42  5:32  Starport  
  43  5:41  SCV  
  44  5:43  Starport  
  44  5:46  Marine x3  
  47  5:53  SCV  
  48  5:57  Siege Tank  
  48  5:59  Starport Reactor  
  48  6:04  Marine x3  
  51  6:10  Starport Reactor  
  54  6:17  Supply Depot  
  54  6:22  Supply Depot  
  54  6:24  Starport Tech Lab  
  54  6:38  SCV, Marine x7  
  52  6:58  Supply Depot  
  52  7:02  Supply Depot  
  52  7:03  Supply Depot  
  52  7:04  Supply Depot  
  52  7:05  Supply Depot  
  52  7:07  Supply Depot  
  52  7:09  Supply Depot  
  52  7:16  High Capacity Fuel Tanks  
  52  7:20  Marine x2  
  52  7:21  Terran Infantry Weapons Level 2  
  54  7:23  Terran Infantry Armor Level 1  
  54  7:24  SCV, Marine x5  
  60  7:39  Missile Turret  
  60  7:41  Medivac x2  
  60  7:43  Raven  
  66  8:00  SCV  
  66  8:03  SCV  
  68  8:06  Siege Tank  
  68  8:07  Command Center  
  68  8:12  SCV  
  72  8:16  SCV  
  73  8:20  Fusion Core  
  73  8:22  Supply Depot  
  73  8:23  Supply Depot  
  73  8:24  SCV  
  74  8:27  Terran Vehicle And Ship Armor Level 1  
  74  8:36  SCV  
  74  8:38  Siege Tank  
  74  8:39  Marine  
  74  8:40  Marine x5  
  84  8:49  SCV  
  85  9:03  Supply Depot  
  85  9:06  Supply Depot  
  85  9:11  Siege Tank  
  85  9:14  Liberator  
  85  9:15  Liberator  
  88  9:17  Liberator  
  88  9:18  SCV  
  88  9:19  Orbital Command  
  88  9:23  Refinery  
  89  9:25  Refinery  
  89  9:30  SCV  
  99  9:42  SCV  
  99  9:43  Siege Tank  
  103  9:50  Marine x4  
  103  9:51  Marine x3  
  110  9:54  SCV  
  111  10:06  SCV  
  112  10:08  Marine x5  
  117  10:15  Siege Tank  
  120  10:26  Supply Depot  
  120  10:27  Command Center  
  120  10:31  Liberator  
  120  10:32  Liberator x3  
  120  10:33  Liberator  
  120  10:36  Missile Turret  
  120  10:41  Marine x2  
  120  10:42  Marine x5  
  127  10:49  Barracks  
  136  10:56  Missile Turret  
  142  10:59  Marine x4  
  142  11:00  Marine x3  
  149  11:14  Supply Depot  
  149  11:16  Supply Depot  
  149  11:17  Missile Turret, Marine x5  
  149  11:18  Supply Depot, Marine x2  
  156  11:20  Advanced Ballistics  
  156  11:32  Supply Depot  
  156  11:34  Terran Infantry Weapons Level 3  
  156  11:35  Marine  
  156  11:36  Marine x2, Medivac x3  
  156  11:39  Terran Infantry Armor Level 2  
  165  11:41  Barracks Reactor  
  165  11:44  Combat Shield  
  165  11:49  Orbital Command  
  165  11:53  Refinery  
  165  11:58  Liberator x4  
  165  11:59  Liberator  
  171  13:14  Medivac x4  
  171  13:15  Medivac  
  171  13:17  Marine x6  
  171  13:18  Marine x3  
  190  13:34  Marine  
  190  13:35  Marine x6  
  197  13:44  Medivac  
  173  14:11  Marine x4  
  173  14:12  Marine x5  
  182  14:19  Terran Infantry Armor Level 3  
  181  14:29  Marine x5  
  181  14:30  Marine x4  
  190  14:37  Siege Tank  
  193  14:47  Marine x6  
  193  14:48  Marine x3  
  193  14:51  Refinery  
  187  15:04  Marine  
  187  15:05  Marine x6  
  187  15:06  Marine x2  
  195  15:09  Siege Tank  
  198  15:23  Marine, Command Center  
  199  16:08  Orbital Command  
  163  17:10  Liberator x5  
  163  17:17  Marine x6  
  163  17:18  Marine x3  
  172  17:25  Siege Tank  
  159  17:35  Marine x7  
  159  17:36  Marine x2  
  142  17:52  Liberator, Marine  
  142  17:53  Liberator x4, Marine x7  
  142  17:54  Marine  
  142  17:57  Siege Tank  
  142  17:58  Orbital Command  
  154  18:01  Refinery  
  154  18:10  Marine x3  
  154  18:11  Marine x6  
  178  18:29  Siege Tank, Marine  
  182  18:35  Liberator x2  
  182  18:44  Marine x7  
  182  18:45  Marine  
  182  18:47  Marine  
  191  18:52  Barracks  
  197  19:01  Siege Tank  
  118  21:18  Barracks Reactor  
  118  21:21  Siege Tank  
  118  21:23  Marine x3  
  118  21:24  Marine x6  
  130  21:33  Terran Vehicle And Ship Armor Level 2  
  130  21:41  Marine x4  
  130  21:42  Marine x5  
  139  21:47  Refinery  
  139  21:53  Siege Tank  
  142  21:57  Liberator x3  
  142  21:59  Marine x5  
  142  22:00  Marine x4  
  151  22:04  Refinery  
  151  22:06  Refinery  
  151  22:10  Marine x2  
  151  22:15  Raven  
  164  22:17  Marine x7  
  164  22:18  Marine x2  
  173  22:25  Siege Tank  
  173  22:27  Marine  
  173  22:28  Marine  
  178  22:34  Marine  
  178  22:35  Marine x7  
  178  22:36  Marine  
  187  22:45  Marine x2  
  189  22:52  Marine x2  
  189  22:53  Marine x7  
  189  22:57  Raven  
  200  23:49  Terran Ship Weapons Level 1  
  153  25:31  Unknown x2  
  153  25:32  Unknown  
Show
View Real Time Build Order
Export as new Build Order

wan Zerg 

Build Orders: Pool First 

Get SALT Encoding   

  12  0:01  Drone  
  13  0:08  Drone  
  14  0:17  Overlord  
  14  0:39  Spawning Pool  
  14  0:40  Extractor  
  14  0:41  Drone  
  13  0:45  Drone  
  14  0:56  Evolution Chamber  
  13  1:01  Drone x2  
  15  1:06  Drone  
  15  1:10  Extractor  
  15  1:29  Queen  
  17  1:47  Drone x3  
  17  1:51  Metabolic Boost  
  20  2:02  Zerg Melee Weapons Level 1  
  20  2:13  Overlord  
  20  2:17  Drone  
  21  2:38  Lair  
  21  2:47  Zergling x8  
  25  2:52  Drone  
  26  3:12  Overlord  
  26  3:15  Drone  
  26  3:51  Drone  
  26  3:52  Drone x2  
  29  4:04  Spire  
  29  4:09  Infestation Pit  
  27  4:16  Overlord  
  27  4:18  Drone  
  28  4:27  Hatchery  
  27  4:39  Extractor  
  27  4:42  Extractor  
  25  4:48  Hive  
  25  4:51  Zergling x6  
  28  4:57  Drone  
  28  4:58  Drone x2  
  31  5:17  Zerg Flyer Weapons Level 1  
  31  5:57  Drone x2  
  33  6:02  Mutalisk x4  
  33  6:03  Mutalisk x3  
  41  6:55  Mutalisk  
  41  6:56  Mutalisk x4  
  41  6:59  Overlord  
  51  7:02  Overlord  
  51  7:07  Drone  
  52  7:18  Drone x2  
  52  7:19  Drone  
  55  7:26  Greater Spire  
  55  7:31  Drone  
  55  7:35  Drone  
  57  7:38  Drone  
  58  7:57  Drone x3  
  61  8:00  Overlord x2  
  61  8:24  Mutalisk  
  61  8:25  Mutalisk x3  
  69  8:30  Drone x2  
  71  8:44  Zerg Flyer Weapons Level 2  
  71  8:49  Drone x2  
  71  8:51  Mutalisk x2  
  77  8:58  Drone x2  
  77  8:59  Drone  
  80  9:08  Overlord  
  80  9:09  Overlord  
  80  9:11  Drone x2  
  80  9:13  Drone  
  83  9:26  Ultralisk Cavern  
  82  9:32  Hatchery  
  81  10:08  Mutalisk  
  81  10:09  Mutalisk x5  
  57  11:11  Zerg Flyer Weapons Level 3  
  57  11:20  Queen  
  57  11:21  Hatchery  
  57  11:22  Chitinous Plating  
  58  11:40  Overlord  
  58  11:44  Mutalisk x2  
  58  11:45  Mutalisk x3  
  58  11:46  Mutalisk  
  58  11:47  Mutalisk x2  
  70  11:48  Mutalisk  
  70  11:49  Mutalisk x2  
  80  12:01  Zerg Ground Armor Level 1  
  80  12:05  Zergling x2  
  80  12:06  Zergling x6  
  76  12:52  Overseer  
  76  12:57  Overseer x2  
  76  13:12  Drone x3  
  79  13:40  Mutalisk x5  
  89  13:42  Mutalisk  
  87  14:41  Corruptor x6  
  53  15:30  Corruptor x5  
  63  15:57  Hatchery  
  63  16:00  Drone  
  63  16:02  Corruptor x2  
  67  16:07  Extractor  
  67  16:08  Extractor  
  67  16:09  Zergling x26  
  67  16:10  Zergling x32  
  94  16:23  Corruptor  
  96  16:54  Brood Lord  
  69  17:13  Corruptor x2, Overlord  
  69  17:48  Brood Lord  
  71  18:10  Drone x3  
  74  18:15  Corruptor  
  76  18:23  Corruptor  
  52  19:08  Corruptor x7  
  60  19:25  Corruptor x2  
  60  19:27  Corruptor  
  67  19:55  Corruptor  
  67  19:56  Corruptor x4  
  76  20:05  Brood Lord  
  78  20:09  Brood Lord  
  80  20:15  Brood Lord  
  80  20:20  Brood Lord  
  84  20:30  Brood Lord  
  86  20:58  Brood Lord  
  88  21:53  Hatchery  
  85  22:23  Corruptor  
  85  22:24  Corruptor x4  
  63  22:52  Zergling x8  
  63  22:53  Zergling x6  
  63  22:55  Zergling x32  
  63  22:56  Zergling x28  
  60  23:25  Zergling x6  
  60  23:26  Zergling x12  
  66  23:29  Zergling x2  
  66  23:30  Zergling x4  
  23  24:03  Brood Lord  
  23  24:05  Zergling x2  
  23  24:06  Zergling x22  
  35  24:10  Zergling x2  
  12  24:56  Zergling x2  
  12  24:57  Zergling x16  
  21  25:35  Zergling x6  
  13  25:36  Zergling x12  
  21  25:47  Zergling x6  
Show
View Real Time Build Order
Export as new Build Order

참치캔좋아 Terran 

Build Orders: MMM Bio 

Get SALT Encoding   

  12  0:01  SCV  
  13  0:26  Supply Depot  
  13  0:40  Refinery  
  13  0:41  Refinery, SCV  
  14  0:51  Barracks  
  14  1:21  SCV  
  15  1:33  SCV  
  16  1:40  Barracks  
  16  1:44  Marine  
  16  1:45  SCV  
  19  2:01  Marine  
  19  2:05  Orbital Command  
  19  2:21  Barracks Tech Lab  
  19  2:29  Supply Depot, Barracks Reactor  
  19  2:44  SCV  
  20  2:52  Engineering Bay  
  20  3:11  Stimpack  
  20  3:19  Engineering Bay  
  20  3:44  Terran Infantry Weapons Level 1  
  20  3:46  Terran Infantry Armor Level 1  
  20  3:55  Sensor Tower  
  20  4:22  Command Center  
  20  4:35  SCV  
  21  4:47  SCV  
  21  4:49  Factory  
  22  5:11  Combat Shield  
  22  5:35  Factory  
  22  5:36  Factory Tech Lab  
  22  5:41  SCV  
  23  5:47  Armory  
  23  5:53  SCV  
  24  6:05  SCV  
  25  6:12  SCV  
  25  6:17  SCV  
  27  6:20  Starport  
  27  6:24  SCV, Factory Tech Lab  
  28  6:29  SCV  
  29  6:35  Terran Infantry Weapons Level 2  
  29  6:36  Terran Infantry Armor Level 2  
  29  6:39  Terran Vehicle Weapons Level 1  
  29  6:41  SCV  
  30  6:49  Starport  
  30  7:03  Marine x3  
  33  7:13  Starport Tech Lab  
  33  7:21  Marine x3  
  36  7:23  Refinery  
  36  7:29  Refinery  
  36  7:34  Starport Tech Lab  
  36  7:38  Fusion Core, Marine  
  36  7:39  Marine  
  38  8:13  SCV  
  39  8:25  SCV  
  40  8:34  Terran Vehicle And Ship Armor Level 1  
  40  8:37  SCV  
  41  8:49  SCV  
  41  8:51  Terran Infantry Weapons Level 3  
  41  8:53  Terran Infantry Armor Level 3  
  42  9:01  SCV  
  43  9:13  SCV  
  44  9:17  Weapon Refit  
  44  9:26  SCV  
  45  9:32  Ghost Academy  
  45  9:38  SCV  
  46  9:50  SCV  
  47  10:02  SCV  
  47  10:04  Personal Cloaking  
  48  10:15  Factory  
  48  10:23  Marine x3  
  48  10:28  Terran Ship Weapons Level 1  
  51  10:40  Marine  
  51  10:41  Marine x2  
  54  10:58  Marine  
  54  10:59  Marine x2  
  57  11:12  Factory Tech Lab  
  57  11:16  Marine  
  57  11:17  Marine x2  
  60  11:28  Command Center  
  60  11:30  Nuke  
  60  11:34  Ghost  
  62  12:15  Ghost Academy  
  62  12:21  Terran Vehicle Weapons Level 2  
  44  12:59  Thor x2  
  44  13:02  SCV  
  37  13:14  SCV  
  38  13:26  SCV  
  39  13:38  SCV  
  40  13:42  Thor x2  
  52  13:50  SCV  
  51  14:25  Thor x2  
  51  14:30  Liberator  
  56  14:53  SCV  
  57  15:05  SCV  
  58  15:07  Thor  
  58  15:08  Thor  
  70  15:17  SCV  
  71  15:29  SCV  
  71  15:32  Orbital Command  
  72  16:15  Marine  
  72  16:16  Marine  
  75  16:27  Ghost  
  76  16:33  Marine  
  76  16:35  Marine  
  19  17:10  Nuke  
  13  17:57  Factory Tech Lab  
  11  18:55  Nuke  
  11  19:02  Ghost  
  13  19:20  Ghost Academy  
  13  19:30  Ghost  
  15  19:40  SCV  
  16  19:52  SCV  
  17  19:55  Ghost Academy  
  17  19:57  Nuke  
  17  19:59  Ghost  
  19  20:04  SCV  
  14  20:16  SCV  
  13  20:28  Nuke, SCV  
Show
View Real Time Build Order
Export as new Build Order

꼬꼬랑쿵했쪄 Zerg 

Build Orders: Pool First 

Get SALT Encoding   

  12  0:05  Drone  
  13  0:17  Drone  
  14  0:26  Overlord  
  14  0:31  Extractor  
  14  0:32  Extractor  
  14  0:33  Drone x2  
  16  0:46  Spawning Pool  
  16  0:48  Drone  
  16  0:50  Extractor  
  15  1:00  Drone  
  16  1:10  Drone  
  17  1:19  Drone  
  18  1:33  Zergling x2  
  18  1:34  Zergling x2  
  18  1:37  Queen  
  22  1:44  Evolution Chamber  
  21  1:47  Baneling Nest  
  21  1:49  Spore Crawler, Zergling x2  
  20  1:54  Drone  
  21  2:08  Zergling x2  
  22  2:18  Overlord  
  22  2:22  Extractor  
  22  2:26  Zergling x2  
  23  2:35  Metabolic Boost  
  23  2:50  Zergling x2  
  23  2:51  Zergling x6  
  27  2:53  Zerg Melee Weapons Level 1  
  27  3:03  Zergling x2  
  28  3:17  Drone x2  
  30  3:22  Overlord  
  30  3:23  Overlord  
  30  3:24  Overlord  
  30  3:45  Zergling x2  
  30  3:46  Zergling x2  
  30  3:47  Lair  
  32  3:59  Extractor  
  31  4:05  Drone x3  
  34  4:33  Drone x2  
  36  4:43  Centrifical Hooks  
  36  4:50  Infestation Pit, Drone x4  
  39  5:08  Drone  
  40  5:16  Hatchery  
  40  5:21  Drone  
  40  5:24  Extractor  
  40  5:25  Extractor  
  38  5:33  Zerg Melee Weapons Level 2  
  38  5:41  Hive  
  38  6:05  Drone x5  
  43  6:21  Baneling x8  
  43  6:25  Baneling  
  31  7:03  Ultralisk Cavern  
  30  7:08  Drone x3  
  30  7:09  Drone x2, Queen  
  37  7:24  Drone x4  
  37  7:25  Drone x2  
  43  7:57  Zerg Melee Weapons Level 3  
  43  8:00  Chitinous Plating  
  43  8:07  Drone x3  
  43  8:08  Drone x3  
  49  8:34  Hatchery  
  48  8:49  Evolution Chamber  
  48  9:19  Extractor  
  48  9:23  Extractor  
  46  9:31  Drone x2  
  46  9:32  Drone  
  46  9:33  Drone x3  
  52  9:57  Queen  
  54  10:25  Drone  
  54  10:26  Drone x2  
  57  10:58  Hatchery  
  56  11:08  Overlord x6  
  56  11:09  Overlord  
  56  11:10  Overlord x4  
  56  11:11  Overlord  
  56  11:12  Overlord x4  
  56  11:18  Ultralisk  
  62  11:26  Ultralisk x4  
  62  11:30  Overseer  
  86  11:37  Ultralisk  
  86  11:38  Ultralisk x2  
  110  11:40  Ultralisk x3  
  110  11:41  Overseer  
  110  11:45  Zerg Ground Armor Level 1  
  122  12:08  Overseer  
  122  12:42  Ultralisk x4  
  122  12:43  Ultralisk  
  122  12:44  Ultralisk  
  158  13:03  Queen  
  158  13:04  Extractor  
  159  13:09  Extractor  
  158  13:30  Ultralisk  
  158  13:31  Ultralisk x3  
  182  13:50  Zerg Ground Armor Level 2  
  128  14:55  Ultralisk  
  128  14:56  Ultralisk x5  
  164  16:14  Ultralisk x6  
  188  17:47  Ultralisk x2  
  200  17:55  Zerg Ground Armor Level 3  
  200  18:19  Overlord  
  134  18:28  Ultralisk x8  
  134  18:56  Ultralisk  
  134  18:57  Ultralisk  
  146  19:45  Spire  
  146  20:02  Hatchery  
  146  20:03  Hydralisk Den  
  92  21:08  Hydralisk  
  92  21:09  Hydralisk x25  
  92  21:10  Hydralisk x11  
  92  21:11  Hydralisk  
  168  21:19  Zerg Missile Weapons Level 1  
  168  21:23  Grooved Spines  
  168  21:59  Ultralisk x2  
  168  22:00  Ultralisk  
  186  22:35  Muscular Augments  
  186  22:38  Ultralisk  
  192  22:46  Hatchery  
  191  22:59  Overlord  
  145  23:57  Hydralisk x5  
  145  23:58  Hydralisk x5  
  126  24:19  Ultralisk  
  126  24:20  Ultralisk  
  37  25:10  Hydralisk x3  
  29  25:35  Hatchery  
  27  25:37  Hatchery  
  27  25:38  Hatchery  
  27  25:41  Hatchery  
Tags
 
Add a new tag
Caveats
  • Supply blocks, unpowered buildings, or Contaminate may cause inaccurate times.
  • Supply counts are checked every 10 seconds.